 Dungeon Crawl Stone Soup version 0.30-a0-867-g305f33218d (webtiles) character file.

Game seed: 6093918789472855436

1423 iguanaiguana the Frost Mage (level 8, -3/60 HPs)
             Began as an Armataur Ice Elementalist on Mar 10, 2023.
             Slain by an ice beast (13 damage)
             ... on level 7 of the Dungeon.
             The game lasted 00:16:53 (2120 turns).

iguanaiguana the Frost Mage (AtIE)                  Turns: 2120, Time: 00:16:54

Health: -3/60      AC:  5    Str: 13    XL:     8   Next: 44%
Magic:  7/11       EV:  9    Int: 21    God:
Gold:   191        SH:  0    Dex: 10    Spells: 5/13 levels left

rFire   . . .      SeeInvis .    p - +3 short sword (venom)
rCold   . . .      Faith    .    (no shield)
rNeg    . . .      Spirit   .    t - +1 leather armour {rPois}
rPois   +          Reflect  .    (no helmet)
rElec   .          Roll     +    (no cloak)
rCorr   .                        (no gloves)
Will    .....                    (no barding)
Stlth   ++                       j - amulet of regeneration
HPRegen 1.10/turn                i - +4 ring of slaying
MPRegen 0.12/turn                (no ring)

@: on berserk cooldown, slowed, very slow
A: large, rugged brown scales 3, deformed body, armoured tail, roll, long
tongue, awkward tongue, clever 1, low MP 1
a: no special abilities


You were on level 7 of the Dungeon.
You visited 2 branches of the dungeon, and saw 8 of its levels.
You also visited: Sewer.

You collected 191 gold pieces.

Inventory:

Hand Weapons
 n - a +0 trident
 p - a +3 short sword of venom (weapon)
Missiles
 g - 2 throwing nets
 r - 22 poisoned darts (quivered)
 v - 3 javelins
Armour
 a - a +0 robe
 m - a +1 leather armour of cold resistance
 t - a +1 leather armour of poison resistance (worn)
Jewellery
 i - a +4 ring of slaying (left hand)
 j - an amulet of regeneration (around neck)
Wands
 x - a wand of flame (6)
Scrolls
 c - a scroll of enchant weapon {unknown}
 e - a scroll of immolation {unknown}
 f - 2 scrolls of fear {unknown}
 l - a scroll of magic mapping {unknown}
 q - a scroll of blinking {unknown}
 s - a scroll of enchant armour {unknown}
 u - a scroll of brand weapon {unknown}
 w - a scroll of identify {@r1}
Potions
 b - a potion of magic
 d - a potion of heal wounds {@q2}
 h - a potion of flight
 o - a potion of mutation


   Skills:
 - Level 1.3 Dodging
 - Level 2.1 Stealth
 - Level 3.0 Spellcasting
 + Level 2.1 Summonings
 - Level 9.6 Ice Magic


You had 5 spell levels left.
You knew the following spells:

 Your Spells              Type           Power      Damage    Failure   Level
a - Freeze                Ice            100%       1d10      1%          1
b - Frozen Ramparts       Ice            86%        1d13      1%          3
c - Ozocubu's Armour      Ice            43%        N/A       1%          3
x - Apportation           Tloc           6%         N/A       17%         1

Your spell library contained the following spells:

 Spells                   Type           Power      Damage    Failure   Level
 Summon Small Mammal      Summ           44%        N/A       7%          1
 Summon Ice Beast         Ice/Summ       27%        N/A       16%         4
 Kiss of Death            Conj/Necr      12%        2d6       17%         1
 Necrotise                Necr           12%        1d4       17%         1
 Confusing Touch          Hex            3%         N/A       45%         3
 Vhi's Electric Charge    Tloc/Air       6%         N/A       45%         3
 Dispel Undead            Necr           3%         3d7       86%         4
 Arcjolt                  Conj/Air       1%         1d11      99%         5
 Maxwell's Capacitive Co  Air            1%         ∞         100%        8


Dungeon Overview and Level Annotations

Branches:
Dungeon (7/15) Zot: 26974  Temple (1/1) D:4 Zot: 5777   Sewer (visited)

Altars:
Elyvilon
Gozag
Hepliaklqana
Makhleb
Trog
Uskayaw
Yredelemnul
Zin

Annotations:
D:2 Sigmund


Innate Abilities, Weirdness & Mutations

You are completely covered in rugged brown scales. (AC +3, +7% HP)
Armour fits poorly on your strangely shaped body.
You have a long armoured tail.
You roll when moving toward enemies. (Rampage)
Your long tongue fully drains potion bottles. (2x potion effects)
Your tongue gives you trouble enunciating. (1.5x scroll delay)
Your mind is acute. (Int +4, Str/Dex -1)
Your magical capacity is low. (-10% MP)


Message History

[Y]es or [N]o only, please.
Your icy armour will break if you move.
Continue?
Okay, then.
Unknown command.
Hit: p) +3 short sword (venom)
Press: ? - help, Dir - move target You closely miss something.
Your tail-slap misses something.
Something hits you.
* * * LOW HITPOINT WARNING * * *
Something shocks you.
* * * LOW HITPOINT WARNING * * *
Hit: p) +3 short sword (venom)
Press: ? - help, Dir - move target You puncture something!
Your punch misses something.
Hit: p) +3 short sword (venom)
Press: ? - help, Dir - move target You closely miss something.
You tail-slap something.
Reactivating autopickup.
You feel a bit more experienced.
Your Summonings skill increases to level 2!
Search for what [Enter for "."]? .
Your icy armour cracks and falls away as you move.
g - 2 throwing nets (gained 1); a +0 giant spiked club; a +0 dire flail Search for what [Enter for "."]? .
Unknown command.
You feel a strong urge to attack something.
An ice beast comes into view.
You feel your anger nearly subside.
The ice beast moves out of view.
Your blood rage is quickly leaving you.
You are no longer berserk.
You are exhausted.
You feel yourself slow down.
An orc comes into view. It is wielding a +0 flail of draining.
You see here a potion of heal wounds {@q2}.
d - a potion of heal wounds {@q2} The orc shouts!
The ice beast attacks as you move away! The ice beast hits you.
* * * LOW HITPOINT WARNING * * *
The ice beast freezes you!
You die...

...#+## ####...
......# #..(...#
......+ #......#
.....# +......#
....####+#......##
#.............$.
#o............/.
#Y.......†......
#@.....)........
###+######......
..... .... ... ##


You could see an ice beast and an orc.

Vanquished Creatures
  A two-headed ogre (D:7)
  Edmund (D:6)
  A water moccasin (D:5)
  A sky beast (D:7)
  2 kobold brigands (Sewer)
  2 scorpions
  2 orc priests (D:4)
  A sleepcap (D:5)
  Natasha (D:4)
  An orc wizard (D:4)
  A gnoll (D:4)
  6 adders
  A river rat (Sewer)
  A white imp (D:7)
  3 worms
  7 orcs
  8 ball pythons
  5 endoplasms
  6 giant cockroaches
  6 goblins
  7 hobgoblins
  10 jackals
  6 quokkas
  A frilled lizard (D:2)
  7 kobolds
  10 rats
98 creatures vanquished.

Vanquished Creatures (others)
  3 plants (D:2)
3 creatures vanquished.

Grand Total: 101 creatures vanquished

Notes
Turn   | Place    | Note
-------+----------+-------------------------------------------
     0 | D:1      | iguanaiguana the Armataur Ice Elementalist began the quest
                  | for the Orb.
     0 | D:1      | Reached XP level 1. HP: 14/14 MP: 3/3
    87 | D:1      | Reached skill level 4 in Ice Magic
   108 | D:2      | Reached XP level 2. HP: 21/21 MP: 1/4
   250 | D:2      | Reached XP level 3. HP: 16/27 MP: 0/5
   275 | D:2      | Learned a level 3 spell: Frozen Ramparts
   491 | D:2      | Noticed Sigmund
   517 | D:2      | Learned a level 1 spell: Apportation
   760 | D:3      | Found a faded altar of an unknown god.
   806 | D:4      | Found a staircase to the Ecumenical Temple.
   828 | Temple   | Entered the Ecumenical Temple
  1079 | D:4      | Reached skill level 5 in Ice Magic
  1099 | D:4      | Reached XP level 4. HP: 35/35 MP: 3/7
  1128 | D:4      | Found a glowing drain.
  1132 | Sewer    | Entered a sewer
  1133 | Sewer    | Upgraded the game from 0.30-a0-862-g1aabd4f9c5 to
                  | 0.30-a0-867-g305f33218d
  1330 | Sewer    | Noticed a kobold brigand
  1336 | Sewer    | Killed a kobold brigand
  1337 | Sewer    | Reached XP level 5. HP: 28/40 MP: 4/9
  1374 | Sewer    | Learned a level 3 spell: Ozocubu's Armour
  1508 | Sewer    | Reached skill level 6 in Ice Magic
  1508 | Sewer    | Reached XP level 6. HP: 44/48 MP: 3/10
  1633 | D:4      | Found a white marble altar of Elyvilon.
  1643 | D:4      | Noticed Natasha
  1648 | D:4      | Killed Natasha
  1656 | D:4      | Reached skill level 7 in Ice Magic
  1764 | D:4      | Found a bloodstained altar of Trog.
  1884 | D:5      | Entered Level 5 of the Dungeon
  1912 | D:5      | Noticed a water moccasin
  1922 | D:5      | Killed a water moccasin
  1923 | D:5      | Reached XP level 7. HP: 53/53 MP: 4/11
  2041 | D:6      | Noticed Edmund
  2048 | D:6      | Killed Edmund
  2049 | D:6      | Reached skill level 8 in Ice Magic
  2092 | D:7      | Noticed a two-headed ogre
  2101 | D:7      | Killed a two-headed ogre
  2102 | D:7      | Reached skill level 9 in Ice Magic
  2102 | D:7      | Reached XP level 8. HP: 6/60 MP: 5/12
  2102 | D:7      | Gained mutation: You are partially covered in large bone
                  | plates. (SH +4) [potion of mutation]
  2102 | D:7      | Lost mutation: You are partially covered in large bone
                  | plates. (SH +4) [potion of mutation]
  2102 | D:7      | Gained mutation: Your magical capacity is low. (-10% MP)
                  | [potion of mutation]
  2102 | D:7      | Gained mutation: Your mind is acute. (Int +4, Str/Dex -1)
                  | [potion of mutation]
  2108 | D:7      | Reached skill level 1 in Summonings
  2108 | D:7      | HP: 2/90 [something (5)]
  2120 | D:7      | Slain by an ice beast

Illustrated notes

Levels and vault maps discovered:
D:1:      lightli_arrival_maybe_door_vault, layout_loops_ring
D:2:      layout_basic, skrybe_limestone_x, serial_bayou_lagoon_b, uniq_sigmund
D:3:      layout_basic, chequers_ecumenical_altar_island, grunt_ministairs_3,
          grunt_decor_one_mirror
D:4:      layout_loops_ring, mainiacjoe_overflow_alcove_2, elyvilon_altar_5,
          temple_pool_b, gup_sewer_entry_bowl, minmay_door_square,
          minmay_fountain_box, minivault_4, st_stairs_7,
          uniq_crazy_yiuf_cottage, uniq_natasha
D:5:      layout_basic, nicolae_shop_overcharged_wands
D:6:      layout_loops_ring, lemuel_round_altar, nicolae_overflows_in_rows,
          uniq_edmund
D:7:      layout_gridville
Temple:   nicolae_temple_bog_church

Skill      XL: |  1  2  3  4  5  6  7  8 |
---------------+-------------------------+-----
Ice Magic      | 4 5 6 7 9 |  9.6
Spellcasting   | 2 3 |  3.0
Summonings     | 2 |  2.1
Dodging        | |  1.3
Stealth        | |  2.1

Action                     |  1- 3 |  4- 6 |  7- 9 || total
---------------------------+-------+-------+-------++-------
  Melee: Unarmed           |    21 |       |       ||    21
         Tailslap          |     8 |     4 |     4 ||    16
         Dagger            |    55 |       |       ||    55
         Trident           |    13 |    15 |       ||    28
         Short sword       |       |    40 |    19 ||    59
         Punch             |       |     1 |       ||     1
  Throw: Dart              |       |     4 |       ||     4
         Throwing net      |       |       |     1 ||     1
   Cast: Freeze            |    31 |       |     2 ||    33
         Frozen Ramparts   |     1 |    14 |     3 ||    18
         Ozocubu's Armour  |       |     2 |     2 ||     4
    Use: Scroll            |       |     2 |       ||     2
         Potion            |       |       |     3 ||     3
   Stab: Sleeping          |     2 |     1 |     1 ||     4
 Armour: Robe              |    45 |       |       ||    45
         Leather armour    |    10 |    35 |    11 ||    56
  Dodge: Dodged            |    60 |    43 |    11 ||   114

Table legend: (Time is in decaauts)
 A = Elapsed time spent in this place.
 B = Non-inter-level travel time spent in this place.
 C = Inter-level travel time spent in this place.
 D = Time resting spent in this place.
 E = Time spent auto-exploring this place.
 F = Levels seen in this place.
 G = Mean time per level.
                   A        B        C        D        E       F      G
               +--------+--------+--------+--------+--------+-----+--------+
         Total |   2122 |   1904 |    218 |      0 |    145 |   9 |  235.8 |
       Dungeon |   1497 |   1283 |    214 |      0 |      0 |   7 |  213.9 |
        Temple |    222 |    218 |      4 |      0 |    145 |   1 |  222.0 |
         Sewer |    402 |    402 |      0 |      0 |      0 |   1 |  402.0 |
               +--------+--------+--------+--------+--------+-----+--------+

Top non-repeatable levels by time:
     D:4: 459 daAuts
   Sewer: 402 daAuts
     D:2: 348 daAuts
     D:3: 299 daAuts
  Temple: 222 daAuts
     D:1: 158 daAuts
     D:5: 156 daAuts
     D:6: 50 daAuts
     D:7: 24 daAuts
